 Dungeon Crawl Stone Soup version 0.25.1-2-g60ff931df9 (webtiles) character file.

Game seed: 17196755596641419141

185 funkygono the Cudgeler (level 5, -3/32 HPs)
             Began as a Gargoyle Gladiator on Oct 15, 2020.
             Slain by an iguana (6 damage)
             ... on level 4 of the Dungeon.
             The game lasted 00:06:32 (2702 turns).

funkygono the Cudgeler (Gargoyle Gladiator)         Turns: 2702, Time: 00:06:33

Health: -3/32      AC: 21    Str: 19    XL:     5   Next: 64%
Magic:  14/14      EV: 13    Int:  8    God:
Gold:   154        SH:  0    Dex: 11    Spells: 4/4 levels left

rFire    . . .     SeeInvis .   b - +4 mace (protect)
rCold    + . .     Gourm    .   (no shield)
rNeg     + . .     Faith    +   z - +2 leather armour {rC+}
rPois    ∞         Spirit   .   c - +1 helmet
rElec    +         Reflect  .   x - +2 cloak
rCorr    +         Harm     .   (no gloves)
MR       .....                  (no boots)
Stlth    +.........             q - amulet of faith
HPRegen  0.10/turn              o - ring of magical power
MPRegen  0.14/turn              w - ring of resist corrosion

@: protection aura
A: negative energy resistance 1, electricity resistance, unbreathing,
petrification resistance, rot immunity, AC +4
a: no special abilities


You were on level 4 of the Dungeon.
You were not hungry.

You visited 1 branch of the dungeon, and saw 4 of its levels.

You collected 154 gold pieces.

Inventory:

Hand Weapons
 a - a +2 flail
 b - a +4 mace of protection (weapon)
Missiles
 d - 5 throwing nets (quivered)
 e - 11 bolts
 l - 11 arrows
Armour
 c - a +1 helmet (worn)
 x - a +2 cloak (worn)
 z - a +2 leather armour of cold resistance (worn)
 A - a +0 chain mail
Magical Staves
 t - an uncursed staff of wizardry
Jewellery
 o - a ring of magical power (left hand)
 q - an amulet of faith (around neck)
 w - a ring of resist corrosion (right hand)
 y - an uncursed ring of flight
Wands
 p - a wand of digging (6)
Scrolls
 g - a scroll of identify
 r - a scroll of magic mapping
 s - 3 scrolls of teleportation
 u - 3 scrolls of remove curse
Potions
 i - a potion of might
 j - 2 potions of mutation
 m - a potion of flight
 n - a potion of berserk rage
 v - a potion of heal wounds
 B - a potion of brilliance
 C - a potion of magic
Comestibles
 f - 6 rations


   Skills:
 + Level 3.0 Fighting
 + Level 4.4 Maces & Flails
 + Level 2.1 Throwing
 + Level 1.5 Armour
 + Level 3.4 Dodging
 + Level 0.6 Stealth


You had 4 spell levels left.
You didn't know any spells.
Your spell library was empty.

Dungeon Overview and Level Annotations

Branches:
Dungeon (4/15)
 Temple: D:4-7

Altars:
Makhleb


Innate Abilities, Weirdness & Mutations

You are resistant to torment.
Your stone body is resilient. (AC +4)
You are immune to poison.
You resist negative energy. (rN+)
You are resistant to electric shocks. (rElec)
You can survive without breathing.
You are immune to petrification.
You are immune to rotting.


Message History

You barely miss the ogre.
The ogre is heavily wounded.
The iguana closely misses you. The ogre misses you.
The ogre hits you but does no damage. The iguana bites you!
Unknown command.
The ogre barely misses you.
You thump the iguana!
Your weapon exudes an aura of protection.
The iguana is heavily wounded.
The ogre barely misses you. The ogre hits you with a +0 giant club!
* * * LOW HITPOINT WARNING * * *
The iguana bites you but does no damage.
You hit the iguana.
The iguana is severely wounded.
The ogre misses you. The ogre closely misses you.
The iguana bites you but does no damage.
The iguana bites you but does no damage.
The ogre hits you but does no damage. The iguana bites you.
You die...

#### #..####
##..O(.###
#..Ol@..?#
#<........#
#............#
#.............
#..............
#..............
#..............
...............
#...........


You could see 2 ogres and an iguana.

Vanquished Creatures
  Jessica (D:2)
  Terence (D:3)
  Robin (D:2)
  5 adders
  A dart slug (D:2)
  2 worms (D:2)
  4 leopard geckos
  2 orcs (D:3)
  2 giant cockroaches (D:2)
  13 goblins (D:2)
  6 hobgoblins
  8 kobolds
  A quokka (D:3)
  A ball python (D:1)
  9 bats
  4 frilled lizards
  8 rats
69 creatures vanquished.

Notes
Turn   | Place    | Note
-------+----------+-------------------------------------------
     0 | D:1      | funkygono the Gargoyle Gladiator began the quest for the
                  | Orb.
     0 | D:1      | Reached XP level 1. HP: 12/12 MP: 1/1
   171 | D:1      | Reached XP level 2. HP: 14/17 MP: 2/2
   902 | D:2      | Noticed Jessica
   912 | D:2      | Killed Jessica
   912 | D:2      | Reached XP level 3. HP: 22/22 MP: 3/3
   920 | D:2      | Reached skill level 1 in Armour
  1014 | D:2      | Noticed Robin
  1034 | D:2      | Killed Robin
  1034 | D:2      | Reached XP level 4. HP: 18/27 MP: 4/4
  1514 | D:2      | Reached XP level 5. HP: 32/32 MP: 5/5
  1976 | D:3      | Found a burning altar of Makhleb.
  1995 | D:3      | Reached skill level 4 in Maces & Flails
  2244 | D:3      | Noticed Terence
  2260 | D:3      | Killed Terence
  2691 | D:4      | Noticed an ogre
  2691 | D:4      | Noticed an ogre
  2702 | D:4      | Slain by an iguana

Illustrated notes

Levels and vault maps discovered:
D:1:      dpeg_arrival_simpleton_a, layout_basic, palyth_stone_intersect
D:2:      layout_basic, uniq_jessica, uniq_robin
D:3:      layout_basic, bloody_makhleb, uniq_terence
D:4:      layout_cave_pods, serial_shops, shop, first_ration,
          hangedman_ru_absence

Skill      XL: |  1  2  3  4  5 |
---------------+----------------+-----
Throwing       | 2 |  2.1
Dodging        | 3 |  3.4
Armour         | 1 |  1.5
Maces & Flails | 4 |  4.4
Fighting       | 3 |  3.0
Stealth        | |  0.6

Action                   |  1- 3 |  4- 6 || total
-------------------------+-------+-------++-------
Melee: Flail             |   101 |   139 ||   240
       Mace              |       |    16 ||    16
  Use: Scroll            |     5 |    12 ||    17
 Stab: Sleeping          |       |     3 ||     3
  Eat: Chunk             |       |     6 ||     6
Armor: Leather armour    |    60 |    83 ||   143
Dodge: Dodged            |    92 |    99 ||   191
